 Dungeon Sprint DCSS version 0.26-a0-695-g987792ac36 (webtiles) character file.

Game seed: 6762186954354974650

176 mhtbhm the Skirmisher (level 5, -1/48 HPs)
             Began as a Merfolk Fighter on Oct 25, 2020.
             Slain by a sky beast (5 damage)
             ... in the Dungeon (Sprint IX: "|||||||||||||||||||||||||||||").
             The game lasted 00:00:33 (107 turns).

mhtbhm the Skirmisher (Merfolk Fighter)              Turns: 107, Time: 00:00:33

Health: -1/48      AC:  7    Str: 17    XL:     5   Next: 56%
Magic:  5/5        EV:  8    Int:  8    God:
Gold:   0          SH: 10    Dex: 13    Spells: 4/4 levels left

rFire    . . .     SeeInvis .   a - +0 trident
rCold    . . .     Faith    .   c - +0 kite shield
rNeg     . . .     Spirit   .   b - +0 scale mail
rPois    .         Reflect  .   (no helmet)
rElec    .         Harm     .   (no cloak)
rCorr    .         Rampage  .   (no gloves)
MR       .....     NoTele   +   (no boots)
Stlth    ..........             (no amulet)
HPRegen  0.16/turn              (no ring)
MPRegen  0.09/turn              (no ring)

@: berserk cooldown, slowed, very slow
A: change form in water, swift swim, stealthy swim
a: no special abilities


You were in the Dungeon.
You visited 1 branch

Inventory:

Hand Weapons
 a - a +0 trident (weapon)
Armour
 b - a +0 scale mail (worn)
 c - a +0 kite shield (worn)
Scrolls
 j - a scroll of blinking
Potions
 d - a potion of might
 e - a potion of curing
 f - a potion of heal wounds
 g - a potion of haste
 h - 2 potions of magic


   Skills:
 + Level 7.0 Fighting
 + Level 6.7 Polearms
 + Level 4.8 Armour
 + Level 1.5 Dodging
 + Level 6.5 Shields


You had 4 spell levels left.
You didn't know any spells.
Your spell library was empty.

Dungeon Overview and Level Annotations

Branches:
Dungeon (1/1)

Altars:


Message History

You are too injured to fight recklessly!
You are too injured to fight recklessly!
You are too injured to fight recklessly!
You are too injured to fight recklessly!
You are too injured to fight recklessly!
You are too injured to fight recklessly!
You are too injured to fight recklessly!
You are too injured to fight recklessly!
You are too injured to fight recklessly!
You miss something.
Something hits you but does no damage. x2
You puncture something! Something hits you. Something shocks you.
You closely miss something. Something hits you but does no damage.
You closely miss something. You block something's attack. Something hits you.
* * * LOW HITPOINT WARNING * * *
Something shocks you.
* * * LOW HITPOINT WARNING * * *
You hit something. Something hits you.
* * * LOW HITPOINT WARNING * * *
Something shocks you.
You die...

▓+▓
▓.▓
▓.▓
▓.▓
▓Z▓
▓{▓
▓@▓
▓.▓
▓.▓
▓.▓
▓.▓
▓.▓
▓)▓
▓.▓
▓.▓


You could see a bat skeleton.

Vanquished Creatures
  An ice beast (D)
  A centaur (D)
  3 leopard geckos (D)
  A hobgoblin (D)
  A bat (D)
  A kobold (D)
8 creatures vanquished.

Notes
Turn   | Place    | Note
-------+----------+-------------------------------------------
     0 | D        | mhtbhm the Merfolk Fighter began the quest for the Orb.
     0 | D        | Reached XP level 1. HP: 18/18 MP: 1/1
     0 | D        | Upgraded the game from 0.26-a0-690-gcb57259078 to
                  | 0.26-a0-695-g987792ac36
    18 | D        | Reached XP level 2. HP: 19/25 MP: 2/2
    83 | D        | Noticed a sky beast
    83 | D        | Noticed a centaur
    83 | D        | Noticed an ice beast
    93 | D        | Killed an ice beast
    93 | D        | Reached skill level 6 in Fighting
    93 | D        | Reached skill level 5 in Polearms
    93 | D        | Reached skill level 1 in Dodging
    93 | D        | Reached skill level 5 in Shields
    93 | D        | Reached XP level 3. HP: 31/34 MP: 3/3
    93 | D        | Reached XP level 4. HP: 37/40 MP: 4/4
   100 | D        | Killed a centaur
   100 | D        | Reached skill level 7 in Fighting
   100 | D        | Reached XP level 5. HP: 45/48 MP: 5/5
   107 | D        | Slain by a sky beast

Illustrated notes

Levels and vault maps discovered:
D:        linesprint [early_d, line_temple, items_1, d_10, items_2, lair_1,
          lair_end, items_3, orc_1, orc_end, items_4, d_15, swamp_1, shoals_1,
          snake_1, spider_1, d_20, vaults_1, items_5, swamp_end, shoals_end,
          snake_end, spider_end, vaults_end, d_27, items_6, zot_1, zot_end,
          crypt_end, forest_end, elf_end, slime_end, tomb_end, abyss_end,
          pan_hell_end]

Skill      XL: |  1  2  3  4 |
---------------+-------------+-----
Fighting       | 6 7 |  7.0
Polearms       | 5 6 |  6.7
Armour         | 4 |  4.8
Dodging        | 1 |  1.5
Shields        | 5 6 |  6.5

Action                   |  1- 3 |  4- 6 || total
-------------------------+-------+-------++-------
Melee: Trident           |    24 |    13 ||    37
  Use: Potion            |     1 |       ||     1
Armor: Scale mail        |    10 |     6 ||    16
Dodge: Dodged            |     4 |       ||     4
Block: Kite shield       |     7 |     4 ||    11

Table legend: (Time is in decaauts)
 A = Elapsed time spent in this place.
 B = Non-inter-level travel time spent in this place.
 C = Inter-level travel time spent in this place.
 D = Time resting spent in this place.
 E = Time spent auto-exploring this place.
 F = Levels seen in this place.
 G = Mean time per level.
                   A        B        C        D        E       F      G
               +--------+--------+--------+--------+--------+-----+--------+
         Total |    109 |    109 |      0 |     58 |      0 |   1 |  109.0 |
       Dungeon |    109 |    109 |      0 |     58 |      0 |   1 |  109.0 |
               +--------+--------+--------+--------+--------+-----+--------+

Top non-repeatable levels by time:
       D: 109 daAuts
